 Dungeon Crawl Stone Soup version 0.17.0 (webtiles) character file.

49250 craggadee the Bludgeoner (level 14, 124/124 HPs)
             Began as a Minotaur Berserker on Nov 12, 2015.
             Was the Champion of Trog.
             Starved to death
             ... in a labyrinth on Nov 16, 2015.
             The game lasted 00:58:30 (19949 turns).

craggadee the Bludgeoner (Minotaur Berserker)      Turns: 19949, Time: 00:58:31

Health: 124/124    AC: 33    Str: 25    XL:     14   Next: 15%
Magic:  4/4        EV: 11    Int:  4    God:    Trog [******]
Gold:   1707       SH: 13    Dex: 12    Spells: 0 memorised, 13 levels left

rFire  . . .     SeeInvis .     L - +7 eveningstar (antimagic)
rCold  . . .     Clarity  .     m - +0 plate armour
rNeg   . . .     SustAt   .     H - +0 shield
rPois  .         Gourm    .     (helmet unavailable)
rElec  .         Spirit   .     e - +1 cloak
rCorr  .         Warding  .     i - +1 pair of gloves
rMut   +         Stasis   .     k - +2 pair of boots {Fly}
MR     +....                    r - amulet of resist mutation
Stlth  ..........               U - +3 ring of protection
                                p - +5 ring of protection

@: flying, fainting, somewhat resistant to hostile enchantments, extremely
unstealthy
A: retaliatory headbutt, horns 3
a: Berserk, Trog's Hand, Brothers in Arms, Burn Spellbooks, Renounce Religion,
Stop Flying


You were in a labyrinth.
You worshipped Trog.
Trog was exalted by your worship.
You were fainting.

You visited 4 branches of the dungeon, and saw 22 of its levels.
You also visited: Labyrinth and Sewer.

You collected 1707 gold pieces.

Inventory:

Hand Weapons
 L - a +7 antimagic eveningstar (weapon)
 Q - a +5 antimagic great mace
Armour
 e - a +1 cloak (worn)
 i - a +1 pair of gloves (worn)
 k - a +2 pair of boots of flying (worn)
 m - a +0 plate armour (worn)
 E - a +0 pair of gloves
 H - a +0 shield (worn)
Jewellery
 p - a +5 ring of protection (left hand)
 r - an amulet of resist mutation (around neck)
 A - an uncursed amulet of stasis
 B - an uncursed ring of protection from fire {unknown}
 O - an uncursed amulet of guardian spirit {unknown}
 U - a +3 ring of protection (right hand)
 Y - a +5 ring of slaying
 Z - an uncursed ring of see invisible
Wands
 s - a wand of enslavement (10)
 x - a wand of fireball (7)
 C - a wand of digging (5)
 D - a wand of heal wounds (7)
 G - a wand of cold (9)
 P - a wand of fireball (5)
 W - a wand of digging (8)
Scrolls
 f - 9 scrolls of fog
 j - 12 scrolls of identify
 q - 4 scrolls of blinking
 w - a scroll of enchant armour
 y - 3 scrolls of recharging
 M - 3 scrolls of remove curse
 R - 2 scrolls of teleportation
 V - a scroll of fear
Potions
 d - 8 potions of haste
 g - 3 potions of flight {unknown}
 h - 2 potions of brilliance
 l - 4 potions of heal wounds
 n - 2 potions of resistance
 o - a potion of cancellation
 t - a potion of agility {unknown}
 u - a potion of invisibility {unknown}
 v - 14 potions of curing
 z - a potion of might
Miscellaneous
 b - a phial of floods
Comestibles
 a - a beef jerky
 c - 7 bread rations
 J - 6 slices of pizza
 K - a chunk of flesh
 N - 7 meat rations


   Skills:
 + Level 11.3 Fighting
 + Level 15.1(15.7) Maces & Flails
   Level 7.2(12.2) Staves
 * Level 15.0 Armour
 * Level 10.1 Dodging
 * Level 11.6 Shields


You had 13 spell levels left.
You didn't know any spells.

Dungeon Overview and Level Annotations

Branches:
Dungeon (12/15)            Temple (1/1) D:4            Lair (8/8) D:11
 Shoals (0/4) Lair:4        Snake (0/4) Lair:5        Slime (0/6) Lair:7
    Orc (1/4) D:10

Altars:
Ashenzari
Cheibriados
Fedhas
Gozag
Nemelex Xobeh
Ru
Trog
Yredelemnul
Zin
Beogh

Shops:
D:9 %

Portals:
Bazaar: D:12


Innate Abilities, Weirdness & Mutations

You reflexively headbutt those who attack you in melee.
You have a pair of large horns on your head.


Message History

The hungry ghost is almost destroyed.
You block the hungry ghost's attack.
You miss the hungry ghost.
The hungry ghost is almost destroyed.
You block the hungry ghost's attack.
You miss the hungry ghost.
You headbutt the hungry ghost, but do no damage.
The hungry ghost is almost destroyed.
Your shield and plate armour prevent you from hitting the hungry ghost.
Your headbutt misses the hungry ghost.
The hungry ghost is almost destroyed.
The hungry ghost barely misses you.
Unknown command.
You puncture the hungry ghost!
You destroy the hungry ghost!
Found 12 arrows of flame.
Found 22 gold pieces.
A hungry ghost comes into view.
You have starved to death.
You die...

#. . ..≈≈≈ .# ## #
≈$≈.. ..#.# ..
[≈≈≈≈. ###.#.#####
### .≈≈≈.≈
#.#....... #
.≈≈≈..####.##.
#.### . ≈..≈...#
............ .
W..≈≈..###.##.##.#
###.#
≈≈..≈..@.#.##.##.#
#
####.###..........
# #.#.##.##.#. #
###.##.##.### ##
.(. . ... #.##.##
# ..# ###


You could see a hungry ghost (dormant).

Vanquished Creatures
  Kirke (Lair:5)
  The ghost of tengen the Severer, a journeyman FoFi of Ru (Lair:3)
  Snorg (Orc:1)
  Harold (Orc:1)
  5 hydras
  6 death yaks
  Nergalle (Lair:2)
  3 orc knights
  An ugly thing (D:11)
  3 griffons
  4 elephants (Lair:4)
  2 black mambas
  A molten gargoyle (Lair:7)
  A torpor snail (Lair:4)
  2 gargoyles
  A centaur skeleton (D:11)
  10 spiny frogs
  2 fire drakes
  8 komodo dragons
  3 trolls
  5 polar bears
  A boulder beetle (Lair:5)
  Grinder (D:3)
  A two-headed ogre (D:10)
  14 blink frogs
  4 slime creatures
  31 yaks
  3 wraiths
  6 wyverns
  4 fire bats (Lair:7)
  4 hungry ghosts (Lab)
  A basilisk (Lair:1)
  3 deep elf magi
  A steam dragon (D:9)
  10 hippogriffs
  3 hogs (Lair:5)
  11 wolves
  2 nagas (Lair:5)
  6 water moccasins
  9 orc warriors
  A sky beast (D:10)
  6 ogres
  A phantom (D:4)
  An eye of draining (D:10)
  7 porcupines
  5 centaurs
  2 black bears
  11 crocodiles
  An ice beast (D:11)
  27 giant frogs
  3 scorpions
  3 killer bees (D:11)
  3 wights (D:6)
  5 electric eels
  2 jellies
  7 crimson imps
  A giant frog zombie (D:8)
  12 orc priests
  6 hounds
  Ijyb (D:2)
  14 orc wizards
  3 giant frog skeletons
  An iguana (Lair:4)
  17 sheep
  8 worker ants
  A hound skeleton (D:10)
  A mummy (D:9)
  A worker ant zombie (D:6)
  13 adders
  4 gnolls
  73 river rats
  A shadow imp (D:6)
  3 oozes
  An adder zombie (D:9)
  3 worms
  An adder skeleton (D:9)
  3 giant geckos
  64 orcs
  4 goblins
  5 hobgoblins
  16 jackals
  3 ball pythons
  7 bats
  15 giant cockroaches
  A giant gecko skeleton (D:7)
  11 giant newts
  A jackal skeleton (D:7)
  13 kobolds
  A quokka skeleton (D:10)
  3 rats (D:1)
  2 plants
576 creatures vanquished.

Vanquished Creatures (collateral kills)
  An orc sorcerer (Orc:1)
  An orc warrior (Orc:1)
  An orc wizard (Orc:1)
  An orc (Orc:1)
4 creatures vanquished.

Vanquished Creatures (others)
  A human (Lair:5)
  A water moccasin (Lair:5)
  4 fungi
  4 plants
10 creatures vanquished.

Grand Total: 590 creatures vanquished

Notes
Turn   | Place    | Note
--------------------------------------------------------------
     0 | D:1      | craggadee the Minotaur Berserker began the quest for the Orb.
     0 | D:1      | Reached XP level 1. HP: 19/19 MP: 0/0
    71 | D:1      | Reached skill level 4 in Maces & Flails
   131 | D:1      | Reached XP level 2. HP: 9/27 MP: 1/1
   569 | D:1      | Reached skill level 5 in Maces & Flails
   586 | D:1      | Reached XP level 3. HP: 29/33 MP: 2/2
   869 | D:2      | Reached ** piety under Trog
  1526 | D:2      | Reached XP level 4. HP: 40/40 MP: 3/3
  1704 | D:2      | Reached skill level 6 in Maces & Flails
  1733 | D:2      | Noticed Ijyb
  1742 | D:2      | Killed Ijyb
  2189 | D:3      | Noticed Grinder
  2195 | D:3      | Paralysed by Grinder for 3 turns
  2200 | D:3      | Paralysed by Grinder for 4 turns
  2208 | D:3      | Killed Grinder
  2208 | D:3      | Reached skill level 8 in Maces & Flails
  2208 | D:3      | Reached XP level 5. HP: 6/46 MP: 4/4
  2208 | D:3      | Reached XP level 6. HP: 6/52 MP: 5/5
  2552 | D:3      | Found a glowing silver altar of Zin.
  2553 | D:3      | Found a blossoming altar of Fedhas.
  2553 | D:3      | Found a shattered altar of Ashenzari.
  2553 | D:3      | Found a sparkling altar of Nemelex Xobeh.
  2559 | D:3      | Found an opulent altar of Gozag.
  2559 | D:3      | Found a sacrificial altar of Ru.
  2596 | D:3      | Reached *** piety under Trog
  2986 | D:4      | Found a staircase to the Ecumenical Temple.
  3003 | Temple   | Entered the Ecumenical Temple
  3086 | D:4      | Reached skill level 9 in Maces & Flails
  3428 | D:4      | Reached XP level 7. HP: 31/58 MP: 6/6
  3663 | D:5      | Entered Level 5 of the Dungeon
  3750 | D:5      | Found a glowing drain.
  3767 | Sewer    | Entered a sewer
  3782 | Sewer    | Reached skill level 10 in Maces & Flails
  4917 | D:6      | Reached skill level 11 in Maces & Flails
  5046 | D:6      | Reached **** piety under Trog
  5247 | D:6      | Reached XP level 8. HP: 66/66 MP: 7/7
  5386 | D:6      | Reached skill level 12 in Maces & Flails
  5656 | D:7      | Reached skill level 1 in Shields
  5758 | D:7      | Received a gift from Trog
  5767 | D:7      | Reached skill level 1 in Staves
  5848 | D:7      | Reached skill level 5 in Armour
  6344 | D:8      | Reached XP level 9. HP: 65/73 MP: 8/8
  6787 | D:8      | Reached skill level 5 in Fighting
  7662 | D:9      | Reached ***** piety under Trog
  7764 | D:9      | Reached skill level 5 in Staves
  7784 | D:9      | Found a basalt altar of Yredelemnul.
  7832 | D:9      | Found Tuleluz's Food Shop.
  8023 | D:9      | Found a snail-covered altar of Cheibriados.
  8124 | D:9      | Reached XP level 10. HP: 80/83 MP: 9/9
  8307 | D:10     | Entered Level 10 of the Dungeon
  8722 | D:10     | Reached skill level 5 in Dodging
  8722 | D:10     | Reached skill level 5 in Shields
  9145 | D:10     | Found a roughly hewn altar of Beogh.
  9145 | D:10     | Found a staircase to the Orcish Mines.
  9145 | D:10     | Noticed an orc knight
  9157 | D:10     | Noticed an orc knight
  9553 | D:10     | Killed an orc knight
  9573 | D:10     | Received a gift from Trog
  9720 | D:10     | Killed an orc knight
  9720 | D:10     | Reached skill level 10 in Armour
 10151 | D:11     | Reached XP level 11. HP: 79/92 MP: 10/10
 10156 | D:11     | Found a staircase to the Lair.
 10389 | D:11     | Noticed an orc knight
 10390 | D:11     | Noticed a brown ugly thing
 10402 | D:11     | Killed an orc knight
 10406 | D:11     | Killed a brown ugly thing
 11127 | D:12     | Found a gateway to a bazaar.
 11189 | D:12     | Noticed a six-headed hydra
 11195 | D:12     | Killed a six-headed hydra
 11408 | D:12     | Found a bloodstained altar of Trog.
 11913 | Orc:1    | Entered Level 1 of the Orcish Mines
 12226 | Orc:1    | Received a gift from Trog
 12405 | Orc:1    | Noticed Harold
 12421 | Orc:1    | Killed Harold
 12578 | Orc:1    | Found a flagged portal.
 12590 | Orc:1    | Noticed Snorg
 12602 | Orc:1    | Killed Snorg
 12853 | Lair:1   | Entered Level 1 of the Lair of Beasts
 13288 | Lair:1   | Reached XP level 12. HP: 96/103 MP: 3/11
 13485 | Lair:1   | Reached skill level 13 in Armour
 14166 | Lair:2   | Noticed Nergalle
 14172 | Lair:2   | Killed Nergalle
 14350 | Lair:2   | Received a gift from Trog
 14845 | Lair:3   | Noticed a five-headed hydra
 14855 | Lair:3   | Killed a five-headed hydra
 15071 | Lair:3   | Gained mutation: You have a pair of large horns on your head. [potion of beneficial mutation]
 15084 | Lair:3   | Noticed tengen's ghost (journeyman FoFi)
 15090 | Lair:3   | Killed tengen's ghost
 15813 | Lair:4   | Noticed a six-headed hydra
 15822 | Lair:4   | Killed a six-headed hydra
 16003 | Lair:4   | Reached skill level 14 in Armour
 16053 | Lair:4   | Found a staircase to the Shoals.
 16474 | Lair:4   | Reached skill level 10 in Fighting
 16477 | Lair:4   | Reached XP level 13. HP: 113/113 MP: 4/12
 16920 | Lair:5   | Found a staircase to the Snake Pit.
 17016 | Lair:5   | Noticed Kirke
 17029 | Lair:5   | Reached ****** piety under Trog
 17030 | Lair:5   | Killed Kirke
 17402 | Lair:5   | Received a gift from Trog
 18109 | Lair:6   | Reached skill level 10 in Shields
 18725 | Lair:7   | Received a gift from Trog
 19265 | Lair:7   | Found a staircase to the Slime Pits.
 19490 | Lair:7   | Reached skill level 15 in Maces & Flails
 19624 | Lair:8   | Entered Level 8 of the Lair of Beasts
 19626 | Lair:8   | Reached XP level 14. HP: 124/124 MP: 4/13
 19630 | Lair:8   | Reached skill level 15 in Armour
 19701 | Lair:8   | Reached skill level 10 in Dodging
 19862 | Lair:8   | Found a labyrinth entrance.
 19878 | Lab      | Entered a labyrinth
 19949 | Lab      | Starved to death

Action                   |  1- 3 |  4- 6 |  7- 9 | 10-12 | 13-15 || total
-------------------------+-------+-------+-------+-------+-------++-------
Melee: Mace              |    82 |   116 |   189 |       |       ||   387
       Staff             |       |       |   185 |   173 |       ||   358
       Great mace        |       |       |       |   565 |    81 ||   646
       Eveningstar       |       |       |       |       |   314 ||   314
Invok: Berserk           |     2 |     1 |     3 |    12 |     4 ||    22
       Burn Spellbooks   |       |       |     1 |     1 |     2 ||     4
       Brothers in Arms  |       |       |       |     2 |       ||     2
  Use: Scroll            |       |     5 |    10 |     6 |     9 ||    30
       Potion            |       |       |     1 |    11 |       ||    12
 Stab: Sleeping          |     1 |       |       |       |       ||     1
  Eat: Chunk             |     4 |     2 |     7 |    16 |    11 ||    40
       Bread ration      |       |     1 |     2 |       |     1 ||     4
       Meat ration       |       |       |     1 |       |       ||     1
       Pizza             |       |       |       |     5 |       ||     5
       Fruit             |       |       |       |    17 |       ||    17
